 Dungeon Crawl Stone Soup version 0.14-a0-805-gc239e29 (console) character file.

125595 Kellhus the Destroyer (level 16, 17/95 HPs)
             Began as an Octopode Wizard on Nov 11, 2013.
             Was the Champion of Vehumet.
             Quit the game in a wizard's laboratory.
             The game lasted 02:14:29 (44791 turns).

Kellhus the Destroyer (Octopode Wizard)            Turns: 44791, Time: 02:14:30

HP  17/95        AC  8     Str  7      XL: 16   Next: 93%
MP  16/45        EV 19     Int 22 (31) God: Vehumet [******]
Gold 946         SH 11     Dex 14      Spells: 10 memorised,  8 levels left

Res.Fire  : . . .   See Invis. : +   a - staff of conjuration
Res.Cold  : . . .   Warding    : .   z - +2 elf buckler {reflect}
Life Prot.: . . .   Conserve   : .   D - +4 cap of Lugonu {Int+1}
Res.Poison: .       Res.Corr.  : .   q - amulet of clarity
Res.Elec. : .       Clarity    : +   f - +3 ring of protection
Sust.Abil.: . .     Spirit.Shd : .   h - ring of see invisible
Res.Mut.  : .       Stasis     : .   u - +3 ring of evasion
Res.Rott. : .       Flight     : .   R - ring of the Lonely Wonders {Wiz Dex+3 Int+4}
Saprovore : . . .                    y - ring of protection from magic
                                     p - cursed ring of magical power
                                     H - ring of protection from magic
                                     n - ring of protection from magic

@: studying Fighting, drained, extraordinarily resistant to hostile
enchantments, quite stealthy
A: almost no armour, amphibious, 8 rings, constrict 8, camouflage 1, AC +1
a: Renounce Religion


You were in a wizard's laboratory.
You worshipped Vehumet.
Vehumet was exalted by your worship.
You were not hungry.

You visited 5 branches of the dungeon, and saw 30 of its levels.
You also visited: Bailey, Ice Cave and Wizlab.

You collected 2429 gold pieces.
You spent 1483 gold pieces at shops.

Inventory:

Armour
 z - a +2 elven buckler of reflection (worn)
 D - the +4 cap of Lugonu (worn) {Int+1}
   (You acquired it on level 10 of the Dungeon)

   It affects your intelligence (+1).
Magical devices
 o - a wand of teleportation (4)
 r - a wand of magic darts (9)
 E - a wand of digging (14)
 L - a wand of magic darts (14)
 M - a wand of paralysis (2)
Comestibles
 b - 3 pears
 c - 2 meat rations
 d - a bread ration
 N - 2 oranges
 Q - an apple
 S - a choko
Scrolls
 j - 2 scrolls of blinking
 s - a scroll of fear
 A - a scroll of teleportation
 B - 3 scrolls of fog
 C - a scroll of magic mapping
 G - 9 scrolls of remove curse
 U - a scroll of identify
Jewellery
 f - a +3 ring of protection (left tentacle)
 h - a ring of see invisible (right tentacle)
 l - an uncursed ring of positive energy
 m - the amulet of Generosity {Inacc +Inv rPois MR++}
   (You found it on level 6 of the Dungeon)

   [amulet of inaccuracy]

   It protects you from poison.
   It affects your resistance to hostile enchantments.
   It lets you turn invisible.
 n - a ring of protection from magic (on tentacle)
 p - a cursed ring of magical power (on tentacle)
 q - an amulet of clarity (around mantle)
 t - an uncursed amulet of resist mutation
 u - a +3 ring of evasion (on tentacle)
 v - an uncursed ring of ice
 w - an uncursed ring of protection from fire
 y - a ring of protection from magic (on tentacle)
 H - a ring of protection from magic (on tentacle)
 J - an uncursed ring of poison resistance
 R - the ring of the Lonely Wonders (on tentacle) {Wiz Dex+3 Int+4}
   (You bought it in a shop on level 14 of the Dungeon)

   [ring of wizardry]

   It affects your intelligence (+4).
   It affects your dexterity (+3).
Potions
 e - 2 potions of agility
 g - 8 potions of curing
 i - 2 potions of invisibility
 k - 3 potions of heal wounds
 x - a potion of magic
 F - a potion of speed
 I - 2 potions of beneficial mutation {unknown}
 K - 2 potions of resistance
 O - 2 potions of might
 P - a potion of brilliance
 V - 4 potions of flight
Books
 W - a manual of Fighting
 X - a manual of Fighting
Magical staves
 a - an uncursed staff of conjuration (weapon)


   Skills:
 - Level 6.0(5.7) Fighting
 - Level 9.0(8.7) Dodging
 - Level 2.6(2.3) Stealth
 - Level 2.4(2.1) Shields
 - Level 14.0(13.6) Spellcasting
 - Level 16.0(15.6) Conjurations
 - Level 4.5(4.2) Charms
   Level 1.0(0.7) Summonings
 - Level 1.0(0.7) Translocations
 + Level 14.2(13.8) Fire Magic
 - Level 9.0(8.7) Poison Magic


You had 8 spell levels left.
You knew the following spells:

 Your Spells              Type           Power        Failure   Level  Hunger
a - Stone Arrow           Conj/Erth      ######       1%          3    None
b - Iskenderun's Battles  Conj/Chrm      ######..     1%          4    None
c - Bolt of Fire          Conj/Fire      #######...   1%          6    #####..
d - Magic Dart            Conj           ####         0%          1    None
e - Regeneration          Chrm/Necr      ###.......   2%          3    None
g - Throw Flame           Conj/Fire      ######       0%          2    None
h - Iron Shot             Conj/Erth      ######....   3%          6    #####..
l - Blink                 Tloc           N/A          2%          2    None
p - Poisonous Cloud       Conj/Pois/Air  ######....   3%          6    #####..
r - Repel Missiles        Chrm/Air       ###.......   1%          2    None


Dungeon Overview and Level Annotations

Branches:
Dungeon (14/27)            Temple (1/1) D:6             Orc (4/4) D:7
    Elf (3/3) Orc:3          Lair (8/8) D:12         Shoals (0/5) Lair:5
 Spider (0/5) Lair:5        Slime (0/6) Lair:6

Altars:
Ashenzari
Cheibriados
Elyvilon
Fedhas
Kikubaaqudgha
Makhleb
Nemelex Xobeh
Okawaru
Sif Muna
Trog
Vehumet
Xom
Yredelemnul
Zin
Beogh
Jiyva

Shops:
D:5 %**(*   D:6 *   D:14 [?=*   Orc:1 *   Orc:2 }   Orc:4 +%%!   Elf:1 ([=([
Elf:2 [

Portals:
Trove: D:13 (give 16 scrolls of teleportation)

Annotations:
D:4 Duskembrace's ghost, average FoFi
D:8 1 exclusion WizLab exclusion: orange crystal statue


Innate Abilities, Weirdness & Mutations

You cannot wear most types of armour.
You are amphibious.
You can wear up to eight rings at the same time.
You can use your tentacles to constrict many enemies at once.
Your skin changes colour to match your surroundings (Stlth).
Your rubbery body absorbs attacks (AC +1).


Message History

The human monk shouts!
The human monk hits you but does no damage.
You block the human monk's attack. The human monk closely misses you.
You block the human monk's attack. You block the human monk's attack.
The human monk dissolves into shadows!
The human monk dissolves into shadows!
You start resting.
Shadows coalesce into solid form.
There are monsters nearby!
The iron troll monk shouts!
The iron troll monk bites you!
* * * LOW HITPOINT WARNING * * *
The iron troll monk closely misses you. The iron troll monk misses you.
Drink which item? (? for menu, Esc to quit)
Okay, then.
Are you sure you want to abandon this character and quit the game? (Confirm with "yes".)
Okay, then.
Are you sure you want to abandon this character and quit the game? (Confirm with "yes".)

♣♣♣♣♣♣♣♣
♣♣♣♣♣♣♣♣♣♣♣♣♣♣♣♣♣♣♣♣♣♣♣♣♣♣
♣♣♣♣♣♣♣♣♣♣♣♣♣♣..♣.♣♣♣♣♣♣♣♣♣♣
......♣....@........♣♣..♣♣♣♣
........T.T..#####.........♣♣
............##...##..........
.........####.....####.......
#......##..##...##..##...... .
##....##....##'##....##..... .#
##..♣#....8.....8....#..... ..#
##...##8.............8##....
...#+#.....'.......8.......'.....


You could see 2 iron troll monks.

Vanquished Creatures
  A deep elf sorcerer (Elf:2)
  A frost giant (IceCv)
  Donald (Orc:4)
  Maud (Lair:5)
  2 deep elf death magi (Elf:2)
  A vault guard (D:13)
  3 hydras
  A deep elf high priest (Elf:1)
  Fannar (D:14)
  An ice dragon (shapeshifter) (D:13)
  Harold (D:11)
  Josephine (Orc:4)
  Nessos (Elf:2)
  The ghost of wojtek the Nimble, a powerful MfTm of Okawaru (IceCv)
  An ogre mage (D:14)
  15 death yaks
  Urug (D:13)
  6 orc high priests
  2 centaur warriors (D:13)
  A catoblepas (Lair:3)
  Nergalle (Lair:3)
  4 deep elf knights
  An iron troll (WizLab)
  An unseen horror (D:13)
  A giant amoeba (D:14)
  An ice statue (IceCv)
  6 hill giants
  Pikel (D:3)
  5 deep trolls (WizLab)
  A human (WizLab)
  A wizard (D:14)
  6 orc knights
  6 deep elf conjurers
  5 griffons
  6 orc sorcerers
  A cyclops (D:13)
  17 elephants
  A black mamba (Lair:3)
  5 deep elf summoners
  20 spiny frogs
  Psyche (D:9)
  A queen ant (Lair:1)
  A feature mimic (D:14)
  5 komodo dragons
  A hydra zombie (D:13)
  Grinder (D:5)
  7 deep elf priests
  A hellwing (Elf:2)
  7 trolls
  17 polar bears (IceCv)
  4 wandering mushrooms (D:8)
  A giant leech (Lair:8)
  8 slime creatures (D:13)
  A blue devil (Elf:2)
  3 fire drakes
  2 two-headed ogres
  26 blink frogs
  2 basilisks
  2 boulder beetles
  2 wraiths
  A grizzly bear (Lair:4)
  2 trapdoor spiders
  A shadow (D:13)
  15 deep elf magi
  A griffon skeleton (D:13)
  2 wyverns
  8 vampire mosquitoes
  61 yaks
  24 deep elf fighters
  8 hippogriffs
  Eustachio (D:5)
  3 elephant slugs
  3 hungry ghosts
  A hill giant skeleton (D:11)
  32 wolves
  Menkaure (D:5)
  16 porcupines
  8 soldier ants
  3 manticores
  2 slaves (D:3)
  2 mottled dragons
  A necrophage (D:8)
  3 ice beasts
  5 sky beasts
  32 orc warriors
  4 giant goldfish (Lair:8)
  A boring beetle (Lair:8)
  A black bear (D:6)
  A phantom (D:6)
  13 centaurs
  15 ogres
  2 spectral elves
  Duvessa (D:5)
  18 crocodiles
  8 wargs
  6 giant slugs
  12 water moccasins
  Blork the orc (D:9)
  6 agate snails
  A gnoll sergeant (D:9)
  A big kobold (D:14)
  2 cyclops zombies (D:13)
  37 giant frogs
  A yak zombie (D:11)
  4 electric eels (Lair:8)
  8 wights
  A troll skeleton (D:9)
  3 jellyfish (Lair:8)
  8 crimson imps
  Dowan (D:5)
  2 giant frog zombies
  2 big fish (Lair:8)
  12 hounds
  A jelly (D:7)
  51 orc priests
  26 orc wizards
  2 two-headed ogre skeletons
  3 goliath beetles
  6 scorpions
  7 iguanas
  38 worker ants
  33 sheep
  An ogre zombie (D:6)
  A brain worm zombie (D:13)
  An ogre skeleton (D:5)
  A sky beast zombie (D:6)
  3 mummies
  28 adders
  17 gnolls
  2 giant centipedes
  18 green rats
  3 giant mites
  5 worms
  A giant centipede zombie (D:13)
  An adder skeleton (D:9)
  An adder zombie (D:5)
  A giant eyeball (D:8)
  18 giant geckos
  3 oozes
  244 orcs
  A bat zombie (D:5)
  6 giant cockroaches
  20 goblins
  25 hobgoblins
  23 jackals
  15 kobolds
  11 quokkas
  2 ball pythons
  21 bats
  7 giant newts
  5 giant spores
  A goblin skeleton (Orc:4)
  An orc simulacrum (Orc:4)
  An orc skeleton (Orc:4)
  2 orc zombies (Orc:4)
  23 rats
  A rat skeleton (D:6)
  A rat zombie (D:6)
  2 spectral orcs (Lair:3)
  13 ballistomycetes
  2 fungi
1333 creatures vanquished.

Vanquished Creatures (others)
  A wizard (D:9)
  A slave (D:4)
  A phantom (D:4)
  A giant newt (D:4)
  4 giant spores
  A bush (Lair:8)
  16 fungi
  12 plants
37 creatures vanquished.

Grand Total: 1370 creatures vanquished

Notes
Turn   | Place    | Note
--------------------------------------------------------------
     0 | D:1      | Kellhus, the Octopode Wizard, began the quest for the Orb.
     0 | D:1      | Reached XP level 1. HP: 9/9 MP: 5/5
   118 | D:1      | Reached XP level 2. HP: 13/15 MP: 0/7
   458 | D:1      | Reached XP level 3. HP: 19/19 MP: 0/9
  1552 | D:2      | Reached XP level 4. HP: 25/25 MP: 7/11
  1675 | D:2      | Reached skill level 4 in Conjurations
  1801 | D:2      | Reached XP level 5. HP: 29/29 MP: 0/12
  2135 | D:2      | Reached skill level 5 in Conjurations
  3315 | D:2      | Learned a level 3 spell: Conjure Flame
  3319 | D:2      | Learned a level 3 spell: Mephitic Cloud
  3387 | D:3      | Reached XP level 6. HP: 28/35 MP: 1/14
  3667 | D:3      | Reached skill level 6 in Conjurations
  3949 | D:4      | Noticed Pikel
  4205 | D:4      | Noticed Duskembrace's ghost (average FoFi)
  4668 | D:4      | Reached XP level 7. HP: 16/39 MP: 7/18
  4928 | D:4      | Reached skill level 5 in Spellcasting
  5820 | D:3      | Learned a level 2 spell: Blink
  5823 | D:3      | Learned a level 2 spell: Repel Missiles
  5876 | D:3      | Killed Pikel
  5876 | D:3      | Reached skill level 8 in Conjurations
  5876 | D:3      | Reached XP level 8. HP: 45/45 MP: 4/20
  6408 | D:5      | Entered Level 5 of the Dungeon
  6416 | D:5      | Noticed Duvessa
  6416 | D:5      | Noticed Dowan
  6442 | D:5      | Killed Dowan
  6454 | D:5      | Killed Duvessa
  6455 | D:5      | Noticed Menkaure
  6653 | D:5      | Killed Menkaure
  6653 | D:5      | Reached skill level 9 in Conjurations
  6837 | D:5      | Found Kuirudgh's General Store.
  6837 | D:5      | Found Ema Chu's Assorted Antiques.
  7161 | D:5      | Found Ypoocsurph's Food Boutique.
  7165 | D:5      | Found Raelax's General Store.
  7210 | D:5      | Noticed Grinder
  7224 | D:5      | Killed Grinder
  7224 | D:5      | Reached XP level 9. HP: 23/49 MP: 8/22
  7365 | D:5      | Found Hobig's Weapon Emporium.
  7377 | D:5      | Reached skill level 10 in Conjurations
  7594 | D:5      | Noticed Eustachio
  7611 | D:5      | Killed Eustachio
  8314 | D:6      | Found a staircase to the Ecumenical Temple.
  8321 | Temple   | Entered the Ecumenical Temple
  8403 | Temple   | Became a worshipper of Vehumet
  8737 | D:6      | Got a smoking jade amulet
  8738 | D:6      | Identified the amulet of Generosity {Inacc +Inv rPois MR++} (You found it on level 6 of the Dungeon)
  8777 | D:6      | Found Imoi's Serpentskin Sales.
  9472 | D:7      | Acquired Vehumet's first power
  9472 | D:7      | Offered knowledge of Sandblast by Vehumet.
 10012 | D:7      | Reached skill level 5 in Dodging
 10151 | D:7      | Found a roughly hewn altar of Beogh.
 10175 | D:7      | Reached XP level 10. HP: 54/54 MP: 13/26
 10243 | D:7      | Found a staircase to the Orcish Mines.
 10515 | D:7      | Offered knowledge of Searing Ray by Vehumet.
 11035 | D:7      | Found a deep blue altar of Sif Muna.
 11038 | D:7      | Found a snail-covered altar of Cheibriados.
 11445 | D:8      | Reached skill level 1 in Fighting
 12346 | D:8      | Reached skill level 5 in Fighting
 12474 | D:9      | Offered knowledge of Throw Flame by Vehumet.
 12478 | D:9      | Learned a level 2 spell: Throw Flame
 12606 | D:9      | Reached skill level 1 in Fire Magic
 12677 | D:9      | Found a bloodstained altar of Trog.
 12680 | D:9      | Noticed a wizard
 12685 | D:9      | Killed a wizard
 12743 | D:9      | Noticed Psyche
 12754 | D:9      | Killed Psyche
 13293 | D:9      | Noticed Blork the orc
 13299 | D:9      | Killed Blork the orc
 13535 | D:9      | Acquired Vehumet's second power
 13548 | D:9      | Reached skill level 5 in Fire Magic
 13768 | D:9      | Reached XP level 11. HP: 65/65 MP: 16/27
 14066 | D:10     | Entered Level 10 of the Dungeon
 14614 | D:10     | Offered knowledge of Iskenderun's Battlesphere by Vehumet.
 14736 | D:10     | Learned a level 4 spell: Iskenderun's Battlesphere
 15042 | D:10     | Noticed a hill giant
 15048 | D:10     | Killed a hill giant
 15062 | D:10     | Noticed a hill giant
 15066 | D:10     | Killed a hill giant
 15561 | D:10     | Identified a scroll of acquirement
 15562 | D:10     | Got a jewelled cap
 15566 | D:10     | Identified the +4 cap of Lugonu {Int+1} (You acquired it on level 10 of the Dungeon)
 15698 | D:11     | Noticed Harold
 15710 | D:11     | Killed Harold
 16116 | D:11     | Acquired Vehumet's third power
 16570 | D:11     | Noticed a hill giant
 16575 | D:11     | Killed a hill giant
 16663 | D:11     | Offered knowledge of Static Discharge by Vehumet.
 16750 | D:11     | Reached skill level 10 in Spellcasting
 17079 | D:11     | Noticed a four-headed hydra
 17079 | D:11     | Noticed a stone giant
 17105 | D:11     | Reached skill level 1 in Charms
 17607 | D:12     | Found a flagged portal.
 17621 | Bailey   | Entered a bailey
 17821 | Bailey   | Offered knowledge of Bolt of Draining by Vehumet.
 17821 | Bailey   | Reached XP level 12. HP: 55/72 MP: 22/30
 17947 | Bailey   | Noticed an orc knight
 17948 | Bailey   | Noticed an orc knight
 17966 | Bailey   | Noticed an orc knight
 17970 | Bailey   | Killed an orc knight
 17986 | Bailey   | Noticed an orc knight
 17990 | Bailey   | Killed an orc knight
 18077 | Bailey   | Killed an orc knight
 18113 | Bailey   | Noticed an orc knight
 18165 | Bailey   | Killed an orc knight
 18313 | Bailey   | Killed an orc knight
 18526 | D:12     | Noticed a hill giant
 18530 | D:12     | Killed a hill giant
 18530 | D:12     | Reached skill level 11 in Conjurations
 18893 | D:12     | Found a staircase to the Lair.
 19368 | D:12     | Noticed a hill giant
 19377 | D:12     | Killed a hill giant
 19705 | D:12     | Found a deep blue altar of Sif Muna.
 19736 | D:12     | Identified Sif Muna's Guide on Changing
 19779 | D:12     | Reached skill level 12 in Conjurations
 20356 | Lair:1   | Entered Level 1 of the Lair of Beasts
 20792 | Lair:1   | Reached skill level 13 in Conjurations
 21354 | Lair:1   | Reached XP level 13. HP: 76/76 MP: 17/31
 22353 | Lair:3   | Noticed Nergalle
 22708 | Lair:3   | Offered knowledge of Delayed Fireball by Vehumet.
 22909 | Lair:3   | Killed Nergalle
 23585 | Lair:3   | Learned a level 3 spell: Stone Arrow
 24109 | Lair:4   | Offered knowledge of Lightning Bolt by Vehumet.
 24647 | Lair:4   | Reached skill level 14 in Conjurations
 25361 | Lair:5   | Found a staircase to the Shoals.
 25926 | Lair:5   | Noticed Maud
 25937 | Lair:5   | Killed Maud
 25937 | Lair:5   | Reached XP level 14. HP: 79/83 MP: 21/33
 26371 | Lair:5   | Offered knowledge of Force Lance by Vehumet.
 26427 | Lair:5   | Found a hole to the Spider Nest.
 27224 | Lair:6   | Reached skill level 10 in Fire Magic
 27279 | Lair:6   | Found a viscous altar of Jiyva.
 27280 | Lair:6   | Found a staircase to the Slime Pits.
 27427 | Lair:6   | Learned a level 6 spell: Bolt of Fire
 28639 | Lair:6   | Reached skill level 15 in Conjurations
 29733 | Lair:7   | Offered knowledge of Poisonous Cloud by Vehumet.
 29741 | Lair:7   | Learned a level 6 spell: Poisonous Cloud
 29764 | Lair:7   | Reached skill level 1 in Poison Magic
 30491 | Lair:7   | Identified a -1 rod of inaccuracy (10/10) (You found it on level 7 of the Lair of Beasts)
 30751 | Lair:8   | Entered Level 8 of the Lair of Beasts
 30862 | Lair:8   | Found a frozen archway.
 30880 | IceCv    | Entered an ice cave
 30923 | IceCv    | Noticed wojtek's ghost (powerful MfTm)
 30925 | IceCv    | Killed wojtek's ghost
 30926 | IceCv    | Reached skill level 5 in Poison Magic
 31534 | IceCv    | Reached XP level 15. HP: 89/89 MP: 30/34
 31856 | IceCv    | Offered knowledge of Orb of Destruction by Vehumet.
 32014 | IceCv    | Noticed a frost giant
 32030 | IceCv    | Killed a frost giant
 33590 | Lair:8   | Offered knowledge of Iron Shot by Vehumet.
 34024 | Lair:7   | Learned a level 6 spell: Iron Shot
 34598 | Orc:1    | Entered Level 1 of the Orcish Mines
 34714 | Orc:1    | Found Wyijaur's General Store.
 34947 | Orc:1    | Bought an uncursed ring of magical power for 220 gold pieces
 35314 | Orc:2    | Offered knowledge of Lehudib's Crystal Spear by Vehumet.
 35314 | Orc:2    | Offered knowledge of Fire Storm by Vehumet.
 35314 | Orc:2    | Offered knowledge of Shatter by Vehumet.
 35314 | Orc:2    | Reached skill level 16 in Conjurations
 35572 | Orc:3    | Found a staircase to the Elven Halls.
 35979 | Orc:2    | Found Reimofey's Gadget Shoppe.
 36312 | Orc:4    | Entered Level 4 of the Orcish Mines
 36695 | Orc:4    | Found Peneedot's Book Boutique.
 36695 | Orc:4    | Found Narye's Food Emporium.
 36991 | Orc:4    | Found a roughly hewn altar of Beogh.
 37081 | Orc:4    | Noticed Josephine
 37083 | Orc:4    | Killed Josephine
 37292 | Orc:4    | Found Smaum's Food Boutique.
 37292 | Orc:4    | Found Udax's Distillery.
 37430 | Orc:4    | Noticed Donald
 37433 | Orc:4    | Killed Donald
 37433 | Orc:4    | Reached XP level 16. HP: 95/95 MP: 28/35
 38538 | D:13     | Found a portal to a secret trove of treasure.
 38905 | D:13     | Found a deep blue altar of Sif Muna.
 39735 | D:13     | Noticed Urug
 39743 | D:13     | Killed Urug
 40378 | D:14     | Found Byfotamy's General Store.
 40486 | D:14     | Learned a level 3 spell: Regeneration
 40562 | D:14     | Found Mukaargh's Magic Scroll Shop.
 40572 | D:14     | Bought a scroll of magic mapping for 42 gold pieces
 40759 | D:14     | Found Niroacza's Distillery.
 40762 | D:14     | Niroacza's Distillery was a mimic.
 40765 | D:14     | Found Jieresum's Jewellery Shop.
 40773 | D:14     | Found Jebiskepp's Antique Armour Boutique.
 41003 | D:14     | Noticed Fannar
 41005 | D:14     | Killed Fannar
 41167 | D:14     | Bought the ring of the Lonely Wonders {Wiz Dex+3 Int+4} for 996 gold pieces
 41182 | D:14     | Bought an uncursed ring of see invisible for 225 gold pieces
 41694 | Elf:1    | Entered Level 1 of the Elven Halls
 41748 | Elf:1    | Found a radiant altar of Vehumet.
 41903 | Elf:1    | Found Dezxea's Antique Weapon Shop.
 42145 | Elf:1    | Found Miupubi's Jewellery Emporium.
 42161 | Elf:1    | Found Griaj's Antique Armour Emporium.
 42282 | Elf:1    | Found Clylaz's Antique Weapon Shop.
 42676 | Elf:1    | Found Qaputu's Antique Armour Shoppe.
 42889 | Elf:2    | Found an iron altar of Okawaru.
 43397 | Elf:2    | Reached skill level 1 in Shields
 43803 | Elf:2    | Noticed Nessos
 43805 | Elf:2    | Killed Nessos
 44226 | Elf:2    | Found Shraeng's Antique Armour Boutique.
 44361 | Elf:3    | Entered Level 3 of the Elven Halls
 44441 | Elf:3    | Found a magical portal.
 44451 | WizLab   | Entered a wizard's laboratory
 44791 | WizLab   | Quit the game

Action                   |  1- 3 |  4- 6 |  7- 9 | 10-12 | 13-15 | 16-18 || total
-------------------------+-------+-------+-------+-------+-------+-------++-------
Melee: Unarmed           |    15 |       |       |       |       |       ||    15
       Falchion          |       |     9 |     5 |    22 |       |       ||    36
       Whip              |       |       |       |    12 |       |       ||    12
       Staff             |       |       |       |    62 |     5 |     4 ||    71
 Cast: Magic Dart        |    91 |   186 |   471 |   325 |   466 |    51 ||  1590
       Mephitic Cloud    |       |    10 |    25 |    17 |     1 |       ||    53
       Conjure Flame     |       |       |    20 |    16 |       |       ||    36
       Throw Flame       |       |       |       |   485 |   128 |       ||   613
       Iskenderun's Batt |       |       |       |    68 |   178 |    14 ||   260
       Repel Missiles    |       |       |       |     4 |     2 |     5 ||    11
       Stone Arrow       |       |       |       |       |   350 |    90 ||   440
       Bolt of Fire      |       |       |       |       |    54 |   121 ||   175
       Poisonous Cloud   |       |       |       |       |    26 |    23 ||    49
       Blink             |       |       |       |       |       |     2 ||     2
Evoke: Wand              |       |       |       |     6 |     3 |     7 ||    16
  Use: Potion            |       |     1 |       |     2 |       |     9 ||    12
       Scroll            |       |       |    10 |    22 |     5 |     3 ||    40
 Stab: Confused          |       |       |     2 |       |       |       ||     2
